 Dungeon Crawl Stone Soup version 0.19-a0-157-gbc558dc (webtiles) character file.

10201 Kidiri the Thaumaturge (level 11, -6/62 HPs)
             Began as a Deep Elf Fire Elementalist on May 20, 2016.
             Was a Priest of Vehumet.
             Killed from afar by an electric eel (10 damage)
             ... with a bolt of electricity
             ... on level 11 of the Dungeon.
             The game lasted 00:47:50 (17409 turns).

Kidiri the Thaumaturge (DEFE)                      Turns: 17409, Time: 00:47:50

Health: -6/62      AC: 12    Str:  5    XL:     11   Next: 33%
Magic:  27/27      EV: 18    Int: 24    God:    Vehumet [***...]
Gold:   99         SH:  0    Dex: 19    Spells: 10 memorised, 2 levels left

rFire  . . .     SeeInvis .     a - +4 flail (holy)
rCold  . . .     Gourm    .     q - +1 leather armour
rNeg   . . .     Faith    .     (no shield)
rPois  +         Spirit   .     M - +0 helmet
rElec  .         Dismiss  .     F - +1 cloak {+Inv}
rCorr  .         Reflect  .     I - +1 pair of gloves {archery}
SustAt .         Harm     .     g - +1 pair of boots
MR     ++...                    (no amulet)
Stlth  +++.......               y - ring of protection from magic
                                d - ring of poison resistance

@: very resistant to hostile enchantments, fairly stealthy
A: hooves 1, thin skeletal structure 1, agile 1, subdued magic 1
a: Renounce Religion, Evoke Invisibility


You were on level 11 of the Dungeon.
You worshipped Vehumet.
Vehumet was most pleased with you.
You were not hungry.

You visited 2 branches of the dungeon, and saw 12 of its levels.
You also visited: Sewer.

You collected 816 gold pieces.
You spent 717 gold pieces at shops.

Inventory:

Hand Weapons
 a - a +4 flail of holy wrath (weapon)
 o - a +1 dagger of protection
Missiles
 N - 3 throwing nets (quivered)
Armour
 g - a +1 pair of boots (worn)
 q - a +1 leather armour (worn)
 C - a +2 shield
 E - a troll hide
 F - a +1 cloak of invisibility (worn)
 I - a +1 pair of gloves of archery (worn)
 M - a +0 helmet (worn)
Jewellery
 d - a ring of poison resistance (left hand)
 u - an uncursed ring of teleportation
 y - a ring of protection from magic (right hand)
Wands
 n - a wand of paralysis (9/24)
 w - a wand of iceblast (5/15)
 z - a wand of lightning (11/15)
 L - a wand of flame (23/48)
Scrolls
 e - 4 scrolls of remove curse
 f - 3 scrolls of recharging
 j - 3 scrolls of fear
 k - 4 scrolls of fog
 p - 2 scrolls of noise
 r - a scroll of teleportation
 s - a scroll of magic mapping
 v - 2 scrolls of immolation
Potions
 h - 4 potions of haste
 i - a potion of might
 l - 5 potions of flight
 x - a potion of agility
 A - 4 potions of brilliance
 B - a potion of lignification
 H - a potion of invisibility {unknown}
Books
 b - a book of the Dragon

   Spells                             Type                      Level
   a - Flame Tongue                   Conjuration/Fire             1
   b - Cause Fear                     Hexes                        4
   c - Bolt of Fire                   Conjuration/Fire             6
   d - Dragon Form                    Transmutation                7
   e - Dragon's Call                  Summoning                    9
 G - a Necronomicon

   Spells                             Type                      Level
   a - Haunt                          Necromancy/Summoning         7
   b - Borgnjor's Revivification      Necromancy                   8
   c - Death's Door                   Charms/Necromancy            8
   d - Necromutation                  Transmutation/Necromancy     8
 J - a book of Envenomations

   Spells                             Type                      Level
   a - Spider Form                    Transmutation/Poison         3
   b - Olgreb's Toxic Radiance        Poison                       4
   c - Alistair's Intoxication        Transmutation/Poison         5
   d - Poisonous Cloud                Conjuration/Poison/Air       6
Miscellaneous
 D - a plain deck of defence
Comestibles
 c - 10 bread rations
 m - 7 meat rations
 t - a royal jelly


   Skills:
 + Level 4.4 Fighting
 + Level 4.6 Armour
 * Level 9.8 Dodging
 - Level 2.4 Stealth
 * Level 0.5 Shields
 * Level 10.5 Spellcasting
 + Level 6.6 Conjurations
 + Level 6.8 Hexes
 + Level 7.5 Fire Magic
 + Level 2.4 Air Magic
 + Level 3.6 Earth Magic
 + Level 1.2 Poison Magic
 + Level 2.6 Evocations


You had 2 spell levels left.
You knew the following spells:

 Your Spells              Type           Power        Failure   Level  Hunger
a - Flame Tongue          Conj/Fire      #####        1%          1    None
b - Throw Flame           Conj/Fire      #####.       1%          2    None
c - Conjure Flame         Conj/Fire      #####...     1%          3    None
d - Inner Flame           Hex/Fire       #####...     1%          3    None
e - Sticky Flame          Conj/Fire      #####...     1%          4    None
f - Fireball              Conj/Fire      #####.....   3%          5    ####...
g - Sandblast             Erth           ###...       1%          1    None
h - Shock                 Conj/Air       ####         1%          1    None
i - Bolt of Fire          Conj/Fire      #####.....   24%         6    #####..
j - Spider Form           Trmt/Pois      ##........   17%         3    None


Dungeon Overview and Level Annotations

Branches:
Dungeon (11/15)            Temple (1/1) D:6            Lair (0/8) D:10
    Orc: D:9-12

Altars:
Ashenzari
Cheibriados
Dithmenos
Elyvilon
Fedhas
Gozag
Kikubaaqudgha
Makhleb
Nemelex Xobeh
Okawaru
Pakellas
Qazlal
Ru
Sif Muna
Trog
Vehumet
Xom
Yredelemnul
Zin
The Shining One

Shops:
D:6 ?   D:9 [   D:10 *[}*   D:11 [

Annotations:
D:11 Fannar; Kidiri's ghost, journeyman HEFE; Maurice


Innate Abilities, Weirdness & Mutations

You have large cloven feet.
You have a somewhat thin skeletal structure (Dex +2, Stealth).
You are agile. (Dex +2)
Your spells are a little easier to cast, but a little less powerful.


Message History

A battlesphere comes into view.
Your surroundings suddenly seem different.
Found four items.
An electric eel, a water elemental and Fannar come into view.
The electric eel shoots out a bolt of lightning at you!
The bolt of electricity hits you!
* * * LOW HITPOINT WARNING * * *
Unknown command.
The electric eel shoots out a bolt of lightning at you!
The bolt of electricity hits you!
* * * LOW HITPOINT WARNING * * *
Unknown command.
The electric eel shoots out a bolt of lightning at you!
The bolt of electricity hits you!
* * * LOW HITPOINT WARNING * * *
Unknown command.
The electric eel shoots out a bolt of lightning at you!
The bolt of electricity hits the water elemental.
The water elemental resists.
The bolt of electricity hits you!
You die...

..........≈≈≈≈≈
..........≈≈≈≈≈
......(...≈≈≈≈≈
.e.........;≈≈.
#..........
##.........
##E..?....
##.........
#@.........
#..............
#............?..
#................
................#
###.........#.##.
#.#......#.##
####..#.###.


You could see a water elemental (wandering) and an electric eel.

Vanquished Creatures
  Harold (D:10)
  4 hill giants
  A cyclops (D:11)
  A gargoyle (D:8)
  3 trolls
  A two-headed ogre (D:11)
  A vampire (D:10)
  A spriggan (D:8)
  A wyvern (D:10)
  3 hungry ghosts
  4 hippogriffs
  Purgy (Sewer)
  2 black bears
  5 orc warriors
  An ice beast (D:9)
  3 phantoms
  A sky beast (D:5)
  3 ogres
  2 centaurs
  A big kobold (D:9)
  3 giant frogs
  A wyvern zombie (D:9)
  3 killer bees (D:9)
  2 scorpions
  13 wights
  4 howler monkeys
  3 crimson imps (D:7)
  A giant frog zombie (D:5)
  4 quasits
  2 centaur skeletons (D:9)
  4 jellies
  9 orc priests
  4 hounds
  A giant frog skeleton (D:7)
  5 iguanas
  7 orc wizards
  16 worker ants
  3 killer bee zombies
  2 hound skeletons
  14 adders
  2 river rats (D:4)
  A shadow imp (D:8)
  An adder zombie (D:8)
  4 worms
  3 dart slugs (D:1)
  6 giant geckos
  58 orcs
  8 giant cockroaches
  5 goblins
  5 hobgoblins
  9 jackals
  13 kobolds
  2 quokkas
  2 ball pythons
  11 bats
  8 giant newts
  A goblin zombie (D:6)
  A hobgoblin zombie (D:6)
  A kobold skeleton (D:6)
  A kobold zombie (D:6)
  An orc skeleton (D:6)
  An orc zombie (D:6)
  2 quokka zombies (D:5)
  7 rats
294 creatures vanquished.

Vanquished Creatures (others)
  An orc priest (D:4)
  7 fungi (D:4)
8 creatures vanquished.

Grand Total: 302 creatures vanquished

Notes
Turn   | Place    | Note
--------------------------------------------------------------
     0 | D:1      | Kidiri the Deep Elf Fire Elementalist began the quest for the Orb.
     0 | D:1      | Reached XP level 1. HP: 10/10 MP: 6/6
   350 | D:1      | Reached XP level 2. HP: 3/16 MP: 0/8
   355 | D:1      | Learned a level 2 spell: Throw Flame
  1074 | D:1      | Reached XP level 3. HP: 20/20 MP: 6/10
  1079 | D:1      | Learned a level 3 spell: Conjure Flame
  1083 | D:1      | Learned a level 3 spell: Inner Flame
  1611 | D:2      | Reached skill level 1 in Fighting
  1706 | D:2      | Found an opulent altar of Gozag.
  1934 | D:2      | Reached XP level 4. HP: 25/25 MP: 5/11
  2747 | D:3      | Reached skill level 1 in Hexes
  2865 | D:3      | Reached skill level 4 in Spellcasting
  3805 | D:4      | Found a glowing drain.
  3811 | D:4      | Reached skill level 1 in Armour
  3857 | D:4      | Reached XP level 5. HP: 9/29 MP: 5/13
  3860 | Sewer    | Entered a sewer
  4134 | Sewer    | Noticed Purgy
  4138 | Sewer    | Killed Purgy
  4226 | Sewer    | Learned a level 4 spell: Sticky Flame
  4385 | D:4      | Reached XP level 6. HP: 34/34 MP: 9/15
  4604 | D:4      | Found a burning altar of Makhleb.
  5898 | D:4      | Reached skill level 5 in Spellcasting
  6076 | D:4      | Reached XP level 7. HP: 39/39 MP: 9/16
  6187 | D:5      | Entered Level 5 of the Dungeon
  6192 | D:5      | Reached skill level 5 in Dodging
  7292 | D:5      | Found a shimmering altar of Xom.
  7551 | D:5      | Reached skill level 6 in Spellcasting
  7779 | D:6      | Learned a level 5 spell: Fireball
  7793 | D:6      | Reached skill level 5 in Fire Magic
  8096 | D:6      | Reached XP level 8. HP: 42/44 MP: 11/19
  8174 | D:6      | Found a glowing golden altar of the Shining One.
  8177 | D:6      | HP: 2/44 [giant frog (4)]
  8961 | D:6      | Gained mutation: You have large cloven feet. [potion of beneficial mutation]
  8992 | D:6      | Noticed a hill giant
  9007 | D:6      | Killed a hill giant
  9007 | D:6      | Reached skill level 7 in Spellcasting
  9370 | D:6      | Found Fuwniti's Magic Scroll Shop.
  9378 | D:6      | Bought a scroll of identify for 24 gold pieces
  9378 | D:6      | Bought a scroll of identify for 24 gold pieces
  9378 | D:6      | Bought a scroll of enchant armour for 90 gold pieces
  9378 | D:6      | Bought a scroll of enchant armour for 90 gold pieces
  9378 | D:6      | Bought a scroll of enchant weapon for 90 gold pieces
  9378 | D:6      | Bought a scroll of identify for 24 gold pieces
  9378 | D:6      | Bought a scroll of identify for 24 gold pieces
  9421 | D:6      | Found a bloodstained altar of Trog.
  9593 | D:6      | Found a staircase to the Ecumenical Temple.
  9599 | Temple   | Entered the Ecumenical Temple
  9776 | Temple   | Became a worshipper of Vehumet
 10081 | D:7      | Reached XP level 9. HP: 49/49 MP: 13/22
 10915 | D:7      | Gained mutation: You have a somewhat thin skeletal structure (Dex +2, Stealth). [potion of mutation]
 10915 | D:7      | Gained mutation: Your spells are a little easier to cast, but a little less powerful. [potion of mutation]
 10915 | D:7      | Gained mutation: You are agile. (Dex +2) [potion of mutation]
 10939 | D:7      | Reached skill level 5 in Conjurations
 10991 | D:7      | Reached skill level 8 in Spellcasting
 11470 | D:8      | Reached skill level 5 in Hexes
 11483 | D:8      | Reached * piety under Vehumet
 11483 | D:8      | Offered knowledge of Sandblast by Vehumet.
 11836 | D:8      | Noticed a gargoyle
 12347 | D:8      | Learned a level 1 spell: Sandblast
 12352 | D:8      | Killed a gargoyle
 12915 | D:9      | Noticed a troll
 13327 | D:9      | Reached XP level 10. HP: 56/56 MP: 19/24
 13330 | D:9      | Reached skill level 1 in Earth Magic
 13375 | D:9      | Reached skill level 9 in Spellcasting
 13861 | D:9      | Reached ** piety under Vehumet
 13861 | D:9      | Offered knowledge of Shock by Vehumet.
 13864 | D:9      | Learned a level 1 spell: Shock
 13984 | D:9      | Learned a level 6 spell: Bolt of Fire
 14234 | D:9      | Found a basalt altar of Yredelemnul.
 14293 | D:9      | Found Leehus's Armour Shoppe.
 14321 | D:9      | Bought a +1 cloak of invisibility for 198 gold pieces
 14415 | D:9      | Noticed a hill giant
 14428 | D:9      | Killed a hill giant
 14428 | D:9      | Reached skill level 1 in Air Magic
 14428 | D:9      | Reached skill level 1 in Evocations
 14589 | D:9      | Found a sparkling altar of Nemelex Xobeh.
 14884 | D:9      | Found a stormy altar of Qazlal.
 14884 | D:9      | Found a sacrificial altar of Ru.
 14884 | D:9      | Found a white marble altar of Elyvilon.
 14884 | D:9      | Found a burning altar of Makhleb.
 15252 | D:10     | Entered Level 10 of the Dungeon
 15370 | D:10     | Offered knowledge of Throw Frost by Vehumet.
 15522 | D:10     | Reached skill level 10 in Spellcasting
 15658 | D:10     | Learned a level 3 spell: Spider Form
 15722 | D:10     | Noticed a hill giant
 15741 | D:10     | Killed a hill giant
 15741 | D:10     | Reached XP level 11. HP: 18/61 MP: 15/27
 15835 | D:10     | Reached *** piety under Vehumet
 15891 | D:10     | Found Bimaz's Assorted Antiques.
 15911 | D:10     | Found a staircase to the Lair.
 16241 | D:10     | Noticed Harold
 16261 | D:10     | HP: 1/61 [Harold/bolt of fire (24)]
 16264 | D:10     | Killed Harold
 16264 | D:10     | Reached skill level 1 in Poison Magic
 16501 | D:10     | Found Penneteu's Antique Armour Boutique.
 16504 | D:10     | Bought a runed shield for 153 gold pieces
 16638 | D:10     | Found Maakhaqo's General Store.
 16645 | D:10     | Found Foejurao's Gadget Emporium.
 16953 | D:11     | Noticed Maurice
 17122 | D:11     | Found Hoigoinom's Antique Armour Boutique.
 17125 | D:11     | Noticed a hill giant
 17144 | D:11     | Killed a hill giant
 17339 | D:11     | Noticed Kidiri's ghost (journeyman HEFE)
 17406 | D:11     | Noticed Fannar
 17409 | D:11     | Killed from afar by an electric eel

Vault maps used:
D:1:      onia_arrival_mini_spirals, minmay_liquid_box
D:2:      old_standard_altar, first_bread
D:4:      portal_sewer_entry_b, serial_aquarium, aquarium_bridge_square,
          aquarium_window_1, aquarium_window_fake, aquarium_view_2f,
          aquarium_view_2e, bloody_makhleb
D:5:      nicolae_overflow_crystal_walls
D:6:      lemuel_doored_altar, nicolae_tso_besieged_by_evil,
          minmay_temple_entry_fiery, serial_shops, nicolae_shop_stone,
          hangedman_abyss_or_decor_lesser_grid
D:8:      the_bakery, minmay_tree_intersection
D:9:      kennysheep_little_box, nemelex_deck, grunt_temple_overflow_cloverleaf,
          serial_shops, nicolae_shop_statue_plus
D:10:     dpeg_oklobed_lair, serial_shops, kennysheep_mini_moat,
          nicolae_shop_statue_plus, nicolae_shop_statue_plus,
          nicolae_shop_behind_doors, uniq_harold
D:11:     nicolae_trove_entry_free_sample, serial_shops, nicolae_shop_crystal,
          minivault_1, serial_bayou_pond_e, uniq_fannar, uniq_maurice
Temple:   roderic_octagonal_lattice_temple
Sewer:    sewer_co_purgy_island

Skill      XL: |  1  2  3  4  5  6  7  8  9 10 11 |
---------------+----------------------------------+-----
Dodging        | 3 4 5 7 8 9 |  9.8
Fighting       | 1 2 3 4 |  4.4
Conjurations   | 2 3 4 5 6 |  6.6
Hexes          | 1 2 3 4 5 6 |  6.8
Spellcasting   | 4 5 6 7 8 10 | 10.5
Armour         | 1 2 3 4 |  4.6
Fire Magic     | 4 5 6 7 |  7.5
Earth Magic    | 3 |  3.6
Air Magic      | 2 |  2.4
Evocations     | 2 |  2.6
Poison Magic   | 1 |  1.2
Stealth        | |  2.4
Shields        | |  0.5

Action                   |  1- 3 |  4- 6 |  7- 9 | 10-12 || total
-------------------------+-------+-------+-------+-------++-------
Melee: Unarmed           |     7 |       |       |       ||     7
       Club              |     2 |       |       |       ||     2
       Whip              |     8 |     5 |       |       ||    13
       Rapier            |       |     7 |   158 |       ||   165
       Dagger            |       |       |     7 |       ||     7
       Flail             |       |       |   101 |    58 ||   159
 Cast: Flame Tongue      |    63 |    80 |   202 |   160 ||   505
       Throw Flame       |     6 |    26 |    47 |    51 ||   130
       Conjure Flame     |       |     6 |     8 |     8 ||    22
       Inner Flame       |       |     2 |     2 |     6 ||    10
       Sticky Flame      |       |       |    21 |    26 ||    47
       Fireball          |       |       |     2 |       ||     2
  Use: Scroll            |     6 |     6 |    16 |     3 ||    31
       Potion            |       |     6 |    12 |     3 ||    21
 Stab: Sleeping          |     3 |     1 |     4 |     1 ||     9
  Eat: Chunk             |     3 |    12 |    18 |    14 ||    47
       Pizza             |       |     1 |     2 |       ||     3
       Meat ration       |       |       |     1 |       ||     1
       Beef jerky        |       |       |     2 |     1 ||     3
Armor: Robe              |     8 |       |       |       ||     8
       Leather armour    |       |     3 |    87 |    44 ||   134
       Skin              |       |       |    14 |       ||    14
       Troll hide        |       |       |       |     1 ||     1
Dodge: Dodged            |    44 |    25 |   287 |   126 ||   482
